Map: Bridgehead LE (Void)

Players

wabbajack

  • Race: Zerg Zerg
  • League: Gold

Nim - Winner!

  • Race: Terran Terran
  • League: Gold

VOD

Have the link to the VOD?

Description

Time

  • Played on: July 21, 2015, 2:09 p.m.
  • Length: 22:07
Show
View Real Time Build Order
Export as new Build Order

wabbajack Zerg 

Build Orders: Hatch First 

Get SALT Encoding   

  12  0:00  Drone  
  13  0:13  Overlord  
  13  0:19  Drone  
  14  0:24  Extractor  
  14  0:25  Drone  
  15  0:35  Drone  
  16  0:36  Drone  
  17  0:53  Hatchery  
  16  0:57  Drone, Extractor  
  16  1:00  Drone  
  17  1:20  Spawning Pool  
  17  1:22  Drone  
  17  1:23  Drone  
  18  1:32  Drone  
  19  1:49  Drone  
  20  2:06  Queen x2  
  24  2:10  Roach Warren, Zergling x2  
  24  2:13  Drone  
  24  2:14  Drone x2  
  27  2:17  Drone  
  27  2:22  Metabolic Boost  
  28  2:36  Overlord x2  
  28  2:56  Roach x2  
  32  2:59  Roach x2  
  32  3:00  Roach  
  32  3:02  Overlord  
  38  3:25  Roach x3  
  44  3:28  Roach  
  46  3:36  Overlord  
  46  3:38  Zergling x2  
  46  3:39  Zergling x6  
  49  4:20  Spine Crawler  
  49  4:23  Spine Crawler  
  47  4:26  Drone x3, Spine Crawler  
  47  4:27  Drone x3  
  47  4:28  Overlord  
  52  4:31  Zergling x2  
  52  4:32  Zergling x14  
  60  4:58  Zergling x8  
  60  4:59  Overlord  
  36  5:51  Lair  
  36  5:53  Pneumatized Carapace  
  35  6:01  Drone  
  35  6:02  Drone x15  
  50  6:07  Hatchery  
  49  6:16  Hatchery  
  48  6:44  Zergling x4  
  48  6:45  Zergling x4  
  51  6:54  Extractor  
  50  6:55  Extractor  
  50  6:57  Extractor  
  50  7:00  Hydralisk Den  
  50  7:01  Evolution Chamber x2, Drone x4  
  46  7:25  Drone x3  
  46  7:26  Spire  
  48  7:38  Spore Crawler  
  47  7:45  Spore Crawler  
  47  7:46  Spore Crawler x2  
  47  7:48  Drone x4  
  47  7:50  Drone x3  
  51  7:51  Drone  
  51  7:57  Queen  
  54  7:59  Queen  
  56  8:22  Muscular Augments  
  56  8:24  Zerg Missile Weapons Level 1  
  56  8:25  Zerg Ground Armor Level 1  
  52  8:44  Spore Crawler  
  52  8:46  Spine Crawler  
  50  8:52  Spore Crawler  
  50  8:53  Roach  
  49  8:56  Hydralisk x2, Roach x3  
  49  8:57  Hydralisk x3, Roach x4  
  49  8:58  Spine Crawler, Roach x4  
  49  8:59  Overlord x4  
  76  9:29  Zergling x8  
  80  9:35  Zerg Flyer Weapons Level 1  
  80  9:40  Drone x3  
  80  9:41  Drone x2  
  80  9:42  Drone, Overlord  
  80  9:43  Overlord  
  80  9:44  Drone  
  80  9:45  Drone x4  
  91  9:46  Drone x2  
  91  9:47  Drone  
  91  9:50  Drone  
  95  10:16  Overlord x2  
  90  10:29  Spore Crawler  
  90  10:34  Spore Crawler  
  84  10:52  Drone  
  84  10:53  Drone x6  
  84  10:56  Drone x2, Lurker Den  
  93  10:59  Drone x3  
  93  11:00  Drone x6  
  93  11:01  Drone x3  
  93  11:02  Drone x2  
  107  11:11  Zerg Ground Armor Level 2  
  107  11:12  Zerg Missile Weapons Level 2  
  107  11:24  Baneling Nest  
  106  11:29  Queen  
  106  11:30  Extractor x2  
  106  11:36  Overlord x4  
  106  11:37  Hydralisk  
  106  11:38  Hydralisk x3, Roach x3  
  106  11:39  Roach  
  122  11:42  Burrow  
  122  11:44  Glial Reconstitution  
  122  11:48  Zerg Flyer Armor Level 1  
  122  11:53  Infestation Pit  
  89  12:16  Hydralisk x4, Roach  
  89  12:17  Hydralisk x3, Roach x6  
  89  12:18  Roach  
  99  12:39  Corruptor x3  
  99  12:40  Corruptor x2  
  89  13:34  Roach x5  
  89  13:35  Hydralisk x6, Roach x4  
  89  13:36  Roach x4  
  123  13:42  Roach x3  
  123  13:53  Queen  
  123  13:55  Extractor  
  124  13:57  Extractor  
  124  13:59  Zergling x2  
  124  14:00  Zergling x18  
  131  14:09  Zergling x8  
  135  14:10  Zergling x8  
  135  14:41  Roach x7  
  94  15:18  Hydralisk  
  94  15:19  Hydralisk x5, Roach x4  
  94  15:20  Roach x2  
  112  15:44  Hatchery  
  81  16:26  Hive  
  81  16:33  Zerg Melee Weapons Level 1  
  81  16:56  Hatchery  
  76  17:07  Hatchery, Extractor  
  74  17:09  Centrifical Hooks, Extractor  
  73  17:28  Tunneling Claws  
  65  17:38  Viper  
  65  17:39  Viper x3  
  65  17:40  Viper x4  
  89  17:52  Extractor  
  89  17:53  Extractor  
  89  17:54  Spine Crawler, Ultralisk Cavern  
  89  17:56  Spine Crawler  
  89  17:58  Corruptor x5  
  84  17:59  Corruptor x3  
  100  18:08  Adrenal Glands  
  100  18:13  Roach x2  
  100  18:14  Roach x9  
  122  18:20  Drone x3  
  122  18:21  Drone x3  
  122  18:22  Drone x3  
  122  18:23  Drone x3  
  133  18:50  Extractor  
  133  18:51  Extractor  
  123  19:30  Roach  
  123  19:31  Roach x17  
  113  19:32  Roach x18  
  118  20:13  Roach  
  114  20:14  Roach x17  
  71  21:11  Ultralisk x3  
Show
View Real Time Build Order
Export as new Build Order

Nim Terran - Winner!

Build Orders: Command Center First (CC) 

Get SALT Encoding   

  12  0:00  SCV  
  13  0:13  SCV  
  14  0:19  Supply Depot  
  14  0:25  SCV  
  15  0:41  SCV  
  16  0:53  SCV  
  17  1:04  Command Center  
  17  1:05  SCV  
  18  1:18  Barracks  
  18  1:19  SCV  
  19  1:31  SCV  
  20  1:38  Refinery x2  
  20  1:44  SCV  
  21  1:56  SCV  
  22  2:07  Marine  
  23  2:11  Orbital Command  
  23  2:16  Orbital Command  
  23  2:24  Factory  
  23  2:39  SCV  
  23  2:44  Barracks Reactor  
  23  2:45  SCV  
  24  2:51  SCV  
  24  2:57  SCV  
  26  3:03  SCV  
  27  3:05  Command Center  
  27  3:09  SCV  
  28  3:18  Starport  
  28  3:23  SCV x2  
  28  3:26  Hellion  
  32  3:29  Hellion  
  34  3:35  SCV x2  
  34  3:36  Supply Depot  
  36  3:47  SCV  
  36  3:48  SCV  
  38  3:58  Hellion x2  
  42  4:07  SCV x2  
  42  4:09  Starport Reactor  
  44  4:14  Supply Depot  
  44  4:15  Supply Depot  
  42  4:18  Factory  
  42  4:19  SCV  
  42  4:24  Bunker  
  43  4:25  Bunker  
  43  4:29  Bunker  
  43  4:31  Supply Depot, Widow Mine x2  
  43  4:34  Orbital Command  
  43  4:37  Armory  
  44  4:55  Liberator  
  32  5:07  Factory Tech Lab  
  32  5:10  Hellion x2  
  24  5:42  Liberator  
  18  5:50  SCV x2  
  18  5:55  SCV  
  21  6:02  SCV  
  25  6:14  SCV x3  
  28  6:26  SCV  
  27  6:41  Medivac  
  27  6:44  Hellion x2  
  27  6:45  Hellion  
  34  6:52  Orbital Command  
  34  6:57  SCV  
  34  6:58  SCV  
  36  7:16  SCV x2  
  36  7:17  SCV  
  36  7:20  Hellion  
  36  7:21  Hellion  
  43  7:28  SCV  
  44  7:43  Orbital Command  
  44  7:45  Liberator  
  44  7:50  SCV x2  
  46  8:02  SCV  
  46  8:05  Hellion x3  
  56  8:09  SCV  
  56  8:10  SCV, Refinery  
  56  8:12  Refinery  
  58  8:14  SCV  
  58  8:17  Orbital Command  
  59  8:22  SCV  
  59  8:26  Hellion  
  60  8:28  Hellion  
  58  8:42  SCV x2  
  60  8:54  SCV  
  61  9:04  Hellion  
  61  9:08  Hellion  
  59  9:20  SCV x2  
  59  9:21  SCV  
  60  9:24  Siege Tank  
  61  9:41  Supply Depot x2  
  61  9:42  Supply Depot  
  61  9:45  Supply Depot, Liberator  
  61  10:02  SCV x3  
  61  10:03  Hellion, Siege Tank  
  72  10:10  Refinery x2  
  72  10:13  Hellion  
  74  10:15  SCV x3  
  74  10:24  Hellion  
  74  10:27  SCV  
  74  10:34  Hellion  
  74  10:35  Siege Tank  
  79  10:36  SCV x2  
  79  10:39  SCV  
  79  10:48  SCV x2  
  78  11:00  SCV x2  
  78  11:01  SCV  
  78  11:02  Hellion x2  
  85  11:05  Supply Depot  
  85  11:07  Supply Depot, Siege Tank  
  88  11:20  Liberator  
  88  11:25  Liberator  
  88  11:26  SCV x2  
  88  11:27  SCV  
  91  11:33  Infernal Pre-Igniter  
  91  11:35  Hellion x2  
  91  11:38  SCV  
  91  11:39  Hellion  
  104  11:48  SCV x2  
  104  11:51  SCV  
  107  11:57  Hellion  
  109  12:04  SCV x2  
  109  12:05  Siege Tank  
  109  12:06  SCV  
  104  12:14  Hellion  
  94  12:18  Hellion  
  87  12:24  Liberator x2  
  80  12:37  Siege Tank  
  80  12:40  Hellion  
  80  12:41  Hellion  
  93  12:46  Bunker  
  93  12:47  SCV x3  
  96  13:02  Hellion x2  
  97  13:09  Siege Tank  
  84  13:24  Liberator x2  
  82  13:34  Hellion x2  
  82  13:35  SCV x3  
  82  13:40  Factory  
  85  13:41  Siege Tank  
  85  13:42  Factory  
  85  13:43  Factory  
  85  13:46  Factory  
  85  13:47  SCV  
  91  13:55  Hellion x2  
  91  14:06  Liberator  
  91  14:07  Liberator  
  91  14:09  SCV x3  
  92  14:13  Siege Tank  
  92  14:15  Command Center  
  97  14:17  Hellion x2  
  97  14:18  Terran Vehicle Weapons Level 1  
  97  14:21  Armory, Supply Depot  
  103  14:25  Supply Depot  
  103  14:38  Hellion  
  92  14:58  Siege Tank, Factory Reactor  
  92  14:59  Factory Tech Lab x2  
  72  15:17  Hellion, Siege Tank  
  72  15:18  Hellion x3  
  72  15:19  SCV x2  
  79  15:30  Siege Tank  
  81  15:37  Hellion  
  81  15:39  Hellion x3, Siege Tank  
  87  15:49  Hellion  
  82  15:53  Liberator  
  79  15:58  Hellion  
  79  16:00  Hellion x2  
  79  16:01  Hellion  
  79  16:02  Thor  
  90  16:10  Siege Tank  
  96  16:11  Siege Tank  
  97  16:29  Factory Reactor  
  97  16:33  Command Center  
  97  16:42  Thor  
  103  17:13  Hellion, Siege Tank x2  
  103  17:14  Hellion x4  
  119  17:21  SCV x2  
  122  17:24  Orbital Command  
  122  17:26  Hellion  
  123  17:33  SCV  
  124  17:52  Hellion x3, Siege Tank x3  
  139  18:12  Hellion x2  
  147  18:20  Terran Vehicle Weapons Level 2, Hellion x4, Refinery  
  147  18:22  Viking, Refinery  
  147  18:24  Siege Tank x2  
  155  18:39  SCV  
  156  18:42  Orbital Command  
  156  18:53  SCV x2  
  156  18:56  Hellion  
  156  19:02  Hellion  
  136  19:32  Siege Tank x3  
  136  19:33  Hellion x5  
  153  19:54  Hellion x2  
  155  20:02  Hellion  
  155  20:04  Hellion, Siege Tank  
  155  20:05  Siege Tank  
  155  20:06  Hellion, Siege Tank  
  155  20:10  SCV x2  
  155  20:12  SCV x2  
  151  20:15  Hellion  
  151  20:16  Hellion  
  147  20:22  SCV  
  147  20:23  Hellion  
  148  20:36  Siege Tank  
  148  20:37  Siege Tank  
  130  21:19  Siege Tank  
  130  21:20  Hellion x2  
  130  21:21  Hellion  
Tags
 
Add a new tag
Caveats
  • Supply blocks, unpowered buildings, or Contaminate may cause inaccurate times.
  • Supply counts are checked every 10 seconds.